 Dungeon Crawl Stone Soup version 0.32-a0-986-ga09f62fbf4 (webtiles) character file.

Game seed: 11258255948293740509

1581 Heh the Carver (level 8, -2/68 HPs)
             Began as a Coglin Gladiator on Apr 22, 2024.
             Was a Priest of Beogh.
             Killed from afar by Wargath the orc apostle (16 damage)
             ... with a sting
             ... on level 6 of the Dungeon.
             The game lasted 00:06:06 (5235 turns).

Heh the Carver (Coglin Gladiator)                   Turns: 5235, Time: 00:06:06

Health: -2/68      AC:  8    Str: 15    XL:     8   Next: 91%
Magic:  8/8        EV: 10    Int:  8    God:    Beogh [***...]
Gold:   363        SH:  0    Dex: 17    Spells: 7/7 levels left

rFire   . . .        E - +0 scimitar (flame) {Ari}
rCold   . . .        a - +0 long sword {Etelvina}
rNeg    . . .        r - +2 ring mail {Will+}
rPois   .            c - +0 helmet
rElec   .            (no cloak)
rCorr   .            (no gloves)
SInv    .            (no boots)
Will    +....        (amulet unavailable)
Stlth   +            (ring unavailable)
HPRegen 0.31/turn    (ring unavailable)
MPRegen 0.11/turn    (no gizmo)

%: no passive effects
@: lethally poisoned (-2 -> -26), revved
A: off-hand wielding, slow wielding, warmup strikes, no jewellery
a: Invent Gizmo, Renounce Religion, Smiting


You were on level 6 of the Dungeon.
You worshipped Beogh.
Beogh was most pleased with you.
You visited 1 branch of the dungeon, and saw 6 of its levels.

You collected 363 gold pieces.

Inventory:

Hand Weapons
 a - a +0 long sword (offhand) {Etelvina}
 f - a +0 dagger {Feng}
 i - a +0 falchion {Nkonkoni}
 n - a +3 vampiric short sword {Rafael}
 x - a +0 heavy mace
 y - a +0 mace of protection {Armando}
 A - a +0 rapier of draining {Salvador}
 E - a +0 scimitar of flaming (weapon) {Ari}
 G - a +2 heavy spear
Missiles
 d - 3 throwing nets (quivered)
 e - a javelin
Armour
 b - a +0 leather armour
 c - a +0 helmet (worn)
 m - a +0 ring mail
 p - a scarf of harm
 r - a +2 ring mail of willpower (worn)
Scrolls
 h - a scroll of vulnerability {unknown}
 j - a scroll of immolation
 k - 2 scrolls of teleportation
 l - a scroll of fear
 o - 3 scrolls of amnesia
 u - a scroll of blinking
 v - a scroll of noise
 w - a scroll of torment {unknown}
 D - a scroll of silence
 F - a scroll of enchant armour
 H - a scroll of brand weapon
Potions
 g - a potion of cancellation {unknown}
 q - a potion of invisibility {unknown}
 s - a potion of berserk rage {unknown}
 t - 2 potions of heal wounds {unknown}
 z - 3 potions of mutation {unknown}
 B - 2 potions of magic {unknown}
 C - 2 potions of curing {unknown}
 I - a potion of attraction {unknown}


   Skills:
 + Level 8.0 Fighting
 + Level 8.3 Long Blades
 - Level 1.7 Throwing
 - Level 2.6 Dodging


You had 7 spell levels left.
You didn't know any spells.
Your spell library contained the following spells:

 Spells                   Type           Power      Damage    Failure   Level
 Hailstorm                Conj/Ice       0%         3d5       95%         3
 Summon Ice Beast         Ice/Summ       0%         N/A       95%         3
 Tukima's Dance           Hex            0%         N/A       95%         3
 Dimensional Bullseye     Hex/Tloc       0%         N/A       100%        4
 Iskenderun's Mystic Bla Conj/Tloc 0%             2d3        (+2d1     100%        4
 Permafrost Eruption      Ice/Erth       0%         2x4d1     100%        6
 Sculpt Simulacrum        Ice/Alch       0%         N/A       100%        6


Dungeon Overview and Level Annotations

Branches:
Dungeon (6/15)
 Temple: D:4-7

Altars:
Ashenzari
Gozag
Okawaru
Trog
Vehumet
Yredelemnul


Innate Abilities, Weirdness & Mutations

Your facial features look somewhat orcish.
You can wield a second weapon in your off-hand.
It takes a long time for you to wield or remove held weapons.
Your first few attacks do less damage.
You cannot equip rings or amulets.


Message History

You are too injured to fight recklessly!
You are too injured to fight recklessly!
You are too injured to fight recklessly!
You are too injured to fight recklessly!
You miss Wargath with your +0 long sword.
Wargath is moderately wounded.
You barely miss Wargath with your +0 scimitar of flaming.
You feel sick.
Wargath hits you with a +2 dagger of speed.
You slash Wargath with your +0 long sword!
Wargath is moderately wounded.
You hit Wargath with your +0 scimitar of flaming.
You burn Wargath.
You feel sick. Wargath gestures at you while chanting.
The puff of flame misses you.
You hit Wargath but do no damage.
Wargath is heavily wounded.
You hit Wargath with your +0 scimitar of flaming.
You burn Wargath.
You feel sick. Wargath casts a spell at you. The sting hits you.
You are more poisoned.
* * * LOW HITPOINT WARNING * * *
You miss Wargath with your +0 scimitar of flaming.
Wargath is heavily wounded.
You barely miss Wargath with your +0 long sword.
You feel very sick. Wargath hits you but does no damage.
Wargath casts a spell at you. The sting misses you.
You hit Wargath with your +0 scimitar of flaming.
You burn Wargath.
Wargath is severely wounded.
You miss Wargath with your +0 long sword.
You feel very sick. Wargath casts a spell at you. The sting hits you!
You are lethally poisoned!
You die...
Beogh appreciates Wargath's killing of a heretic priest.

##..... #...
. #..#.#
###..#.###.#
#..†)......#
#...........
##..###o####
#.#[.###.#
#.....@o.#
###.#.##.#
#.#....#
#......##
#####...#
#...# #...#
#...#######
#.........#


You could see Wargath the orc apostle (divinely empowered).

Vanquished Creatures
  Sigmund (D:2)
  Duvessa (D:6)
  An ice beast (D:5)
  A black bear (D:5)
  A centaur (D:6)
  An ogre (D:5)
  A scorpion (D:5)
  Dowan (D:6)
  2 howler monkeys
  4 hounds
  A jelly (D:5)
  2 bombardier beetles
  A gnoll bouda (D:5)
  7 iguanas
  Terence (D:2)
  An orc wizard (D:6)
  7 gnolls
  7 adders
  2 ufetubi (D:6)
  2 dart slugs
  3 ribbon worms
  10 orcs
  10 ball pythons
  10 endoplasms
  4 giant cockroaches
  29 goblins
  33 hobgoblins
  4 jackals (D:5)
  6 kobolds
  5 quokkas
  5 bats
  3 frilled lizards
  8 rats
175 creatures vanquished.

Notes
Turn   | Place    | Note
-------+----------+-------------------------------------------
     0 | D:1      | Heh the Coglin Gladiator began the quest for the Orb.
     0 | D:1      | Reached XP level 1. HP: 16/16 MP: 1/1
   151 | D:1      | Reached XP level 2. HP: 12/23 MP: 2/2
   516 | D:1      | Reached XP level 3. HP: 25/28 MP: 3/3
   710 | D:1      | Found a faded altar of an unknown god.
  1053 | D:2      | Noticed Terence
  1064 | D:2      | Killed Terence
  1118 | D:2      | Reached XP level 4. HP: 32/35 MP: 4/4
  1242 | D:2      | Noticed Sigmund
  1259 | D:2      | Killed Sigmund
  1260 | D:2      | Reached skill level 5 in Long Blades
  1260 | D:2      | Reached XP level 5. HP: 43/43 MP: 5/5
  1323 | D:2      | Found a radiant altar of Vehumet.
  1553 | D:2      | Reached XP level 6. HP: 49/49 MP: 6/6
  2694 | D:4      | Became a worshipper of Beogh the Shepherd
  2938 | D:4      | Reached skill level 5 in Fighting
  3153 | D:4      | Reached * piety under Beogh
  3371 | D:4      | Reached XP level 7. HP: 56/56 MP: 7/7
  3464 | D:4      | Reached ** piety under Beogh
  3613 | D:4      | Found an iron altar of Okawaru.
  3811 | D:4      | Found a basalt altar of Yredelemnul.
  3813 | D:4      | Found an opulent altar of Gozag.
  3814 | D:4      | Found a broken altar of Ashenzari.
  4015 | D:5      | Entered Level 5 of the Dungeon
  4297 | D:5      | Found a bloodstained altar of Trog.
  4386 | D:5      | Reached XP level 8. HP: 65/65 MP: 8/8
  4977 | D:6      | Noticed Dowan
  4978 | D:6      | Noticed Duvessa
  4993 | D:6      | Killed Duvessa
  5009 | D:6      | Killed Dowan
  5195 | D:6      | Reached *** piety under Beogh
  5215 | D:6      | Noticed Wargath
  5235 | D:6      | Killed from afar by Wargath the orc apostle

Illustrated notes

Levels and vault maps discovered:
D:1:      saegor_arrival_fortress, layout_basic, chequers_ecumenical_altar_grove
D:2:      layout_loops_cross, basic_altar, nicolae_eternal_life,
          ebering_dispersal_statue_hall, uniq_sigmund, uniq_terence
D:3:      layout_rooms, serial_curves, eino_curves_02, eino_curves_04,
          eino_curves_02
D:4:      minmay_goblin_kobold_castle, layout_basic, minitemple
D:5:      layout_loops_ring, amcnicky_altar_gilded, minmay_misc_feat_hallway,
          nicolae_kite_square_tiling_tiny
D:6:      layout_loops_cross, lemuel_blue_sif_altar, serial_shops,
          nicolae_shop_hallway_plus, uniq_duvessa

Skill      XL: |  1  2  3  4  5  6  7  8 |
---------------+-------------------------+-----
Fighting       | 3 4 5 6 8 |  8.0
Long Blades    | 4 5 6 8 |  8.3
Throwing       | |  1.7
Dodging        | |  2.6

Action                     |  1- 3 |  4- 6 |  7- 9 || total
---------------------------+-------+-------+-------++-------
  Melee: Long sword        |    53 |   135 |   155 ||   343
         Dagger            |    16 |       |       ||    16
         Falchion          |    32 |       |       ||    32
         Short sword       |     4 |    38 |       ||    42
         Scimitar          |       |    63 |   149 ||   212
         Rapier            |       |    17 |       ||    17
         Mace              |       |    10 |       ||    10
  Throw: Throwing net      |       |     2 |       ||     2
 Invoke: Convert to Beogh  |       |     1 |       ||     1
    Use: Scroll            |       |       |    10 ||    10
   Stab: Sleeping          |     1 |       |       ||     1
         Held in net/web   |       |     1 |       ||     1
 Armour: Leather armour    |    26 |       |       ||    26
         Ring mail         |     5 |   116 |   155 ||   276
  Dodge: Dodged            |    35 |   115 |   114 ||   264

Table legend: (Time is in decaauts)
 A = Elapsed time spent in this place.
 B = Non-inter-level travel time spent in this place.
 C = Inter-level travel time spent in this place.
 D = Time resting spent in this place.
 E = Time spent auto-exploring this place.
 F = Levels seen in this place.
 G = Mean time per level.
                   A        B        C        D        E       F      G
               +--------+--------+--------+--------+--------+-----+--------+
         Total |   5274 |   4985 |    289 |     14 |   4014 |   6 |  879.0 |
       Dungeon |   5274 |   4985 |    289 |     14 |   4014 |   6 |  879.0 |
               +--------+--------+--------+--------+--------+-----+--------+

Top non-repeatable levels by time:
     D:4: 1556 daAuts
     D:1: 1050 daAuts
     D:5: 938 daAuts
     D:2: 859 daAuts
     D:3: 583 daAuts
     D:6: 286 daAuts
